 Dungeon Crawl Stone Soup version 0.27-a0-1123-g2f9bb313c0 (webtiles) character file.

Game seed: 18169107418932448516

44 Zeld the Shield-Bearer (level 3, 0/26 HPs)
             Began as an Octopode Fighter on May 3, 2021.
             Succumbed to a scorpion's poison
             ... on level 4 of the Dungeon.
             The game lasted 00:00:45 (679 turns).

Zeld the Shield-Bearer (Octopode Fighter)            Turns: 679, Time: 00:00:45

Health: 0/26       AC:  1    Str: 16    XL:     3   Next: 62%
Magic:  3/3        EV: 11    Int: 10    God:
Gold:   4          SH:  9    Dex: 11    Spells: 2/2 levels left

rFire    + . .     SeeInvis .   a - +0 war axe
rCold    + . .     Faith    .   b - +0 kite shield
rNeg     . . .     Spirit   .   (helmet restricted)
rPois    +         Reflect  .   (no amulet)
rElec    +         Harm     .   (no ring)
rCorr    +         Rampage  .   (no ring)
Will     .....                  (no ring)
Stlth    ++........             (no ring)
HPRegen  0.08/turn              (no ring)
MPRegen  0.08/turn              (no ring)
                                (no ring)
                                (no ring)

@: mighty, lethally poisoned (0 -> -8), resistant
A: almost no armour, amphibious, 8 rings, camouflage 1, gelatinous body 1,
(nimble swimmer 1), tentacles
a: no special abilities


You were on level 4 of the Dungeon.
You visited 1 branch of the dungeon, and saw 4 of its levels.

You collected 4 gold pieces.

Inventory:

Hand Weapons
 a - a +0 war axe (weapon)
Missiles
 f - 5 boomerangs (quivered)
Armour
 b - a +0 kite shield (worn)
Wands
 e - a wand of acid (8)
Scrolls
 g - a scroll of enchant weapon {unknown}
 h - a scroll of acquirement {unknown}
Potions
 c - a potion of might


   Skills:
 * Level 3.5 Fighting
 * Level 2.7 Axes
 - Level 3.0 Dodging
 * Level 3.5 Shields


You had 2 spell levels left.
You didn't know any spells.
Your spell library was empty.

Dungeon Overview and Level Annotations

Branches:
Dungeon (4/15)
 Temple: D:4-7

Altars:


Innate Abilities, Weirdness & Mutations

You cannot wear most types of armour.
You are amphibious.
You can wear up to eight rings at the same time.
Your skin changes colour to match your surroundings (Stealth+).
Your rubbery body absorbs attacks. (AC +1, EV +1)
((You are camouflaged near water. (Stealth+)))
You have tentacles for arms and can constrict up to eight enemies at once.


Message History

The hobgoblin is almost dead.
You constrict the hobgoblin.
You kill the hobgoblin!
No target in view!
h - a scroll labelled HISHOL KAXOGGUSK A giant cockroach comes into view.
A giant cockroach is nearby!
A giant cockroach is nearby!
The giant cockroach closely misses you. The giant cockroach closely misses you.
You block the giant cockroach's attack.
You hit the giant cockroach.
You kill the giant cockroach!
No target in view!
No target in view!
A ball python comes into view.
A ball python is nearby!
Found a runed hunting sling.
The ball python hisses angrily.
A scorpion comes into view.
The ball python bites you. The ball python barely misses you.
You barely miss the ball python. Your grab misses the ball python.
The ball python bites you. The ball python grabs you.
The ball python constricts you.
The ball python bites you but does no damage.
The ball python constricts you.
You closely miss the ball python. You grab the ball python.
You constrict the ball python.
You kill the ball python!
You barely miss the scorpion. Your grab misses the scorpion.
The scorpion stings you!
You are poisoned.
The scorpion poisons you! The scorpion stings you.
You are too injured to fight recklessly!
You are too injured to fight recklessly!
It was a potion of resistance.
You feel protected.
You feel sick. The scorpion stings you!
* * * LOW HITPOINT WARNING * * *
You feel very mighty all of a sudden.
You die...

.......†.......######.#
##.....#.#.##.###..#)##.
##..##.######......).)..
...................##.##.
..........##......#####
..........##.##....#
.............##...#####
.............##.......###
........@..###.....<.....
.......s..............#.#
.....................#
...#......##.........#
).##..................#
.. #..#..............##
..##.........#.##.# ...
#.........#. ..


You could see a scorpion.

Vanquished Creatures
  An orc wizard (D:4)
  A dart slug (D:2)
  5 orcs
  A ball python (D:4)
  A giant cockroach (D:4)
  2 hobgoblins
  2 rats
13 creatures vanquished.

Notes
Turn   | Place    | Note
-------+----------+-------------------------------------------
     0 | D:1      | Zeld the Octopode Fighter began the quest for the Orb.
     0 | D:1      | Reached XP level 1. HP: 16/16 MP: 1/1
   183 | D:3      | Reached XP level 2. HP: 10/21 MP: 2/2
   341 | D:4      | Reached XP level 3. HP: 11/26 MP: 3/3
   673 | D:4      | Noticed a scorpion
   679 | D:4      | Succumbed to a scorpion's poison

Illustrated notes

Levels and vault maps discovered:
D:1:      dpeg_arrival_fog, layout_loops_ring
D:2:      layout_basic, chequers_serial_rivers_micro_a
D:3:      layout_basic, uniq_jessica
D:4:      layout_cave_pools, serial_bayou, serial_bayou_shore_b,
          serial_bayou_crossing, serial_bayou_lagoon_b, serial_bayou_pond_c

Action                   || total
-------------------------++-------
Melee: War axe           ||    24
       Constrict         ||    10
       Tentacles         ||     4
  Use: Potion            ||     2
 Stab: Sleeping          ||     2
Armor: Skin              ||     1
Dodge: Dodged            ||     7
Block: Kite shield       ||     9

Table legend: (Time is in decaauts)
 A = Elapsed time spent in this place.
 B = Non-inter-level travel time spent in this place.
 C = Inter-level travel time spent in this place.
 D = Time resting spent in this place.
 E = Time spent auto-exploring this place.
 F = Levels seen in this place.
 G = Mean time per level.
                   A        B        C        D        E       F      G
               +--------+--------+--------+--------+--------+-----+--------+
         Total |    693 |    682 |     11 |    272 |    316 |   4 |  173.2 |
       Dungeon |    693 |    682 |     11 |    272 |    316 |   4 |  173.2 |
               +--------+--------+--------+--------+--------+-----+--------+

Top non-repeatable levels by time:
     D:4: 431 daAuts
     D:2: 148 daAuts
     D:3: 109 daAuts
     D:1: 4 daAuts
